Unix NetHack Version 3.7.0-50 Work-in-progress - last build Mar 1 2022 18:03:48 (3214c02c36e7653d92696a1813e68efb70587e3e,branch:master). Game began 2022-02-21 00:46:45, ended 2022-03-02 15:01:32. stenno, lawful female human Samurai ----------------------------- |....|..............@.^^^%^.| |....|0....----------------+| |..........| |.........| |.00.|0....| |.........| |..0.|.%...| |.........| |-.--------- |.........| |....|...%| |....<....| |.........--- |.........| |.000|00...>| |.........| |....|....--- |.........| ----------- ----------- Stenno the Kunoichi St:18/06 Dx:16 Co:18 In:11 Wi:10 Ch:8 Lawful Dlvl:7 $:139 HP:84(84) Pw:32(32) AC:1 Exp:8 T:5295 Latest messages: The boulder falls into and plugs a hole in the floor! What do you want to eat? [imAFKNVX or ?*] N My, this is a yummy wand of wishing! With great effort you move the boulder. You try to move the boulder, but in vain. The boulder falls into and plugs a hole in the floor! With great effort you move the boulder. The boulder falls into and plugs a hole in the floor! With great effort you move the boulder. You try to move the boulder, but in vain. The boulder falls into and plugs a hole in the floor! With great effort you move the boulder. You try to move the boulder, but in vain. The boulder falls into and plugs a hole in the floor! The boulder won't roll diagonally on this floor. With great effort you move the boulder. You try to move the boulder, but in vain. The boulder falls into and plugs a hole in the floor! Really save? [yn] (n) y Saving... Restoring save file... Konnichi wa stenno, the human Samurai, welcome back to NetHack! Be careful! New moon tonight. Really quit? (yes) [no] yes Do you want your possessions identified? [ynq] (y) y Do you want to see your attributes? [ynq] (y) q Major events: Turn 2178: reached Mine Town 4991: entered Sokoban 5295: quit Inventory: Coins $ - 139 gold pieces Amulets e - an uncursed amulet of unchanging Weapons U - 11 uncursed +0 ya (in quiver) c - an uncursed +0 yumi (alternate weapon; not wielded) f - an uncursed +0 wakizashi Armor z - an uncursed +0 orcish helm (being worn) q - a cursed +0 pair of yugake (being worn) L - an uncursed +0 pair of iron shoes (being worn) O - an uncursed +0 pair of jumping boots o - an uncursed +1 cloak of displacement (being worn) Y - an uncursed +0 mummy wrapping I - an uncursed +0 studded leather armor (being worn) Comestibles F - an uncursed cream pie i - an uncursed gunyoki V - 2 uncursed gunyoki X - an uncursed melon K - an uncursed lichen corpse m - an uncursed lizard corpse A - an uncursed lizard corpse Scrolls Q - a blessed scroll of blank paper a - an uncursed scroll of blank paper D - an uncursed scroll of blank paper g - an uncursed scroll of earth d - a cursed scroll of earth E - an uncursed scroll of scare monster Potions W - a cursed potion of levitation G - an uncursed potion of speed Rings l - a cursed -3 ring of adornment r - a cursed -1 ring of increase damage Wands M - an uncursed wand of digging (0:6) Z - an uncursed wand of digging (0:3) y - an uncursed wand of locking (0:1) H - an uncursed wand of opening (0:6) w - an uncursed wand of polymorph (0:6) J - an uncursed wand of undead turning (0:3) Tools h - an uncursed bag of holding containing 15 items b - an uncursed blindfold T - an uncursed brass lantern C - a cursed brass lantern j - an uncursed magic marker (0:71) n - an uncursed magic whistle v - an uncursed oil lamp s - an uncursed osaku k - an uncursed skeleton key B - an uncursed tin whistle R - an uncursed tin whistle S - an uncursed tin whistle u - an uncursed +0 unicorn horn p - an uncursed wax candle Gems/Stones P - an uncursed dilithium crystal Contents of the bag of holding: 132 gold pieces an uncursed scroll of blank paper 2 uncursed scrolls of enchant weapon a blessed scroll of gold detection a cursed scroll of gold detection 2 uncursed scrolls of identify an uncursed scroll of remove curse an uncursed scroll of remove curse 2 uncursed scrolls of teleportation an uncursed potion of confusion an uncursed potion of object detection a cursed potion of paralysis an uncursed potion of restore ability a cursed potion of sake 2 potions of holy water Stenno the Samurai's attributes: Background: You were a Kunoichi, a level 8 female human Samurai. You were lawful, on a mission for Amaterasu Omikami who was opposed by Raijin (neutral) and Susanowo (chaotic). You were in Sokoban, on level 7. You entered the dungeon 5295 turns ago. There was a new moon in effect when your adventure ended. You had 2304 experience points, 256 more were needed to attain level 9. Basics: You had all 84 hit points. You had all 32 energy points (spell power). Your armor class was 1. Your wallet contained 139 zorkmids. Autopickup was on for '$/=?!' plus thrown. Final Characteristics: Your strength was 18/06 (limit:18/100). Your dexterity was 16 (limit:18). Your constitution was 18 (limit:18). Your intelligence was 11 (limit:18). Your wisdom was 10 (limit:18). Your charisma was 8 (limit:18). Final Status: You were not hungry. You were unencumbered. You were empty handed. You had expert skill with martial arts. Final Attributes: You were piously aligned. You were displaced. You were warded. You were fast. You were lucky. You survived. Miscellaneous: You disabled loading of bones levels. Total elapsed playing time was 1 hour, 49 minutes and 50 seconds. Vanquished creatures: a giant mimic a large mimic 2 small mimics a gargoyle a leprechaun an orc-captain a mumak a gnome ruler 2 lizards a dingo a black unicorn a plains centaur 6 water moccasins a soldier ant a bugbear an imp a mountain nymph a rock piercer 3 ponies a fog cloud 2 yellow lights a shrieker a violet fungus 5 gnome leaders 4 gnomish wizards a kobold mummy a ghoul a straw golem 2 little dogs 3 floating eyes 5 dwarves a kobold shaman 6 hill orcs 4 rothes a giant bat a monkey a wererat 2 werejackals 4 iguanas 13 killer bees an acid blob a gas spore a hobgoblin 2 cave spiders a brown mold a green mold 29 gnomes 12 garter snakes a gnome zombie a gecko 4 jackals 3 goblins a sewer rat 2 grid bugs 4 lichens 2 kobold zombies 2 newts 156 creatures vanquished. No species were genocided or became extinct. Voluntary challenges: You read items or engraved 5 times. You never engraved Elbereth. You never genocided any monsters. You never polymorphed an object. You never changed form. You used no wishes. You did not violate any of the special Sokoban rules. Achievements: You entered a shop. You attained the rank of Ronin. You entered the Gnomish Mines. You attained the rank of Kunoichi. You entered Minetown. You entered a temple. You entered Sokoban. The Dungeons of Doom: levels 1 to 9 Level 1: Level 2: An armor shop, a fountain. Level 3: Many fountains, a grave. Level 4: A shop. Stairs down to The Gnomish Mines. Level 5: Level 6: An altar to Amaterasu Omikami, some fountains. Level 7: A fountain, a sink. Level 8: Many fountains. Oracle of Delphi. Level 9: A general store. Stairs up to Sokoban, level 8. The Gnomish Mines: levels 5 to 8 Level 5: Level 6: Level 7: Level 8: Many shops, a temple, some fountains. Sokoban: levels 8 up to 7 Level 7: <- You were here. Unsolved. Level 8: Unsolved. Sayonara stenno the Samurai... You quit in Sokoban on dungeon level 7 with 9635 points, and 271 pieces of gold, after 5295 moves. You were level 8 with a maximum of 84 hit points when you quit.